 Dungeon Crawl Stone Soup version 0.20.0-8-g6b59dc7 (webtiles) character file.

487 Amnesiac the Vexing (level 6, 0/32 HPs)
             Began as a Deep Elf Enchanter on May 30, 2017.
             Slain by appiemonkey's ghost (3 damage)
             ... on level 4 of the Dungeon.
             The game lasted 00:06:51 (2683 turns).

Amnesiac the Vexing (Deep Elf Enchanter)            Turns: 2683, Time: 00:06:52

Health: 0/32       AC:  2    Str:  5    XL:     6   Next: 89%
Magic:  0/15       EV: 14    Int: 22    God:
Gold:   65         SH:  0    Dex: 15    Spells: 3/15 levels left

rFire    . . .     SeeInvis .   g - +0 dagger (venom)
rCold    . . .     Gourm    .   (no shield)
rNeg     . . .     Faith    .   b - +0 robe
rPois    .         Spirit   .   (no helmet)
rElec    .         Reflect  .   (no cloak)
rCorr    .         Harm     .   (no gloves)
MR       .....                  (no boots)
Stlth    +++.......             (no amulet)
Regen    0.1/turn               (no ring)
MPRegen  0.2/turn               (no ring)

@: no status effects
A: no striking features
a: no special abilities


You were on level 4 of the Dungeon.
You were very hungry.

You visited 1 branch of the dungeon, and saw 4 of its levels.

You collected 65 gold pieces.

Inventory:

Hand Weapons
 g - a +0 dagger of venom (weapon)
Missiles
 e - 92 stones (quivered)
 l - 8 tomahawks
Armour
 b - a +0 robe (worn)
Scrolls
 a - 2 scrolls of remove curse {!r}
 f - a scroll of enchant weapon {!r, unknown}
 h - a scroll of teleportation {!r, unknown}
Potions
 k - a potion of ambrosia {!q, unknown}
 n - a potion of flight {!q}
 o - a potion of brilliance {!q}
Books
 c - a book of Maledictions

   Spells                             Type                      Level
   a - Corona                         Hexes                        1
   b - Ensorcelled Hibernation        Hexes/Ice                    2
   c - Confuse                        Hexes                        3
   d - Tukima's Dance                 Hexes                        3
   e - Dazzling Spray                 Conjuration/Hexes            3
Comestibles
 d - 3 bread rations
 i - 2 chunks of flesh
 j - a meat ration


   Skills:
 + Level 3.0 Short Blades
 + Level 4.2 Dodging
 + Level 5.1 Stealth
 + Level 5.0 Spellcasting
 * Level 6.7 Hexes


You had 3 spell levels left.
You knew the following spells:

 Your Spells              Type           Power        Failure   Level  Hunger
a - Ensorcelled Hibernat  Hex/Ice        ###...       3%          2    None
b - Corona                Hex            #####..      1%          1    None
c - Dazzling Spray        Conj/Hex       ###...       8%          3    ##.....
e - Confuse               Hex            #####...     1%          3    ##.....
w - Tukima's Dance        Hex            #####...     1%          3    ##.....


Dungeon Overview and Level Annotations

Branches:
Dungeon (4/15)
 Temple: D:4-7

Altars:

Annotations:
D:4 appiemonkey's ghost, amateur GrFi


Message History

Really read
m - a scroll of identify {!r}?
As you read the scroll of identify {!r}, it crumbles to dust.
n - a potion of flight {!q} Appiemonkey's ghost seems less confused.
Casting: Dazzling Spray
Confirm with . or Enter, or press ? or * to list all spells.
Aiming: Confuse
Press: ? - help, Shift-Dir - straight line, f/p - appiemonkey's ghost
Aim: appiemonkey's ghost (severely damaged, chance to defeat MR: 46%) Appiemonkey's ghost resists with some effort.
Appiemonkey's ghost says, "Ah, a second chance to prove myself in battle!"
Found a giant spiked club.
Found a robe.
You see here a giant spiked club.
You see here a robe.
Casting: Confuse
Confirm with . or Enter, or press ? or * to list all spells.
Aiming: Confuse
Press: ? - help, Shift-Dir - straight line, f/p - appiemonkey's ghost
Aim: appiemonkey's ghost (severely damaged, chance to defeat MR: 46%) Appiemonkey's ghost resists with some effort.
Unknown command.
Found a stone staircase leading down.
Casting: Confuse
Confirm with . or Enter, or press ? or * to list all spells.
You don't have enough magic to cast that spell.
Casting: Confuse
Confirm with . or Enter, or press ? or * to list all spells.
You don't have enough magic to cast that spell.
Casting: Confuse
Confirm with . or Enter, or press ? or * to list all spells.
Aiming: Confuse
Press: ? - help, Shift-Dir - straight line, f/p - appiemonkey's ghost
Aim: appiemonkey's ghost (heavily damaged, chance to defeat MR: 46%) Appiemonkey's ghost appears confused.
Unknown command.
You hit appiemonkey's ghost but do no damage.
Appiemonkey's ghost is heavily damaged.
You hit appiemonkey's ghost but do no damage.
Appiemonkey's ghost is heavily damaged.
Appiemonkey's ghost misses you.
You hit appiemonkey's ghost but do no damage.
Appiemonkey's ghost is heavily damaged.
You strike the helpless appiemonkey's ghost from behind!
You hit appiemonkey's ghost.
Appiemonkey's ghost is severely damaged.
You hit appiemonkey's ghost but do no damage.
Appiemonkey's ghost is severely damaged.
You hit appiemonkey's ghost but do no damage.
Appiemonkey's ghost is severely damaged.
You hit appiemonkey's ghost but do no damage.
Appiemonkey's ghost is severely damaged.
Appiemonkey's ghost seems less confused.
Appiemonkey's ghost hits you.
Casting: Confuse
Confirm with . or Enter, or press ? or * to list all spells.
Aiming: Confuse
Press: ? - help, Shift-Dir - straight line, f/p - appiemonkey's ghost
Aim: appiemonkey's ghost (severely damaged, chance to defeat MR: 46%) Appiemonkey's ghost resists with some effort.
Appiemonkey's ghost hits you!
* * * LOW HITPOINT WARNING * * *
Appiemonkey's ghost hits you.
You die...

.........#....##########,,,,,#***
........................,,,,,,,,,
#########.....##.######*,,,,,****
#.######.# *****,* #.#* #.# *,*
#..* #.# *,* ###.## #.# *,*
#....# #.##### ***,****
*******#....####@....###**,,,,,,*
,,,,,<*#.....)..W....'..,,,,,,,,*
***,[,*#...#.###.....###**,,,,,,*
*,,,*#...#.# #.#####****,,,,,,*
*,,,*#...#.###.#,,,,,,,,,,,,,,* *
*,,,*#####[.##.#,,,,,,,,******* *
*,,,* #..##.#,,,,,,,,* * *,,,*
#..##.#,,,,.,,,* * *,,,*
#..##.#,,...,,,*


You could see appiemonkey's ghost.

Vanquished Creatures
  Grinder (D:4)
  An ogre (D:4)
  A centaur skeleton (D:4)
  A hound (D:4)
  An iguana (D:4)
  A hound skeleton (D:4)
  An adder (D:4)
  2 dart slugs
  5 orcs
  2 ball pythons
  2 bats (D:1)
  5 goblins
  A hobgoblin (D:2)
  2 jackals (D:1)
  A frilled lizard (D:1)
  2 jackal skeletons (D:4)
  4 kobolds
  4 rats
37 creatures vanquished.

Vanquished Creatures (collateral kills)
  Sigmund (D:4)
1 creature vanquished.

Vanquished Creatures (others)
  A dancing weapon (D:4)
1 creature vanquished.

Grand Total: 39 creatures vanquished

Notes
Turn   | Place    | Note
-------+----------+-------------------------------------------
     0 | D:1      | Amnesiac the Deep Elf Enchanter began the quest for the Orb.
     0 | D:1      | Reached XP level 1. HP: 10/10 MP: 6/6
   147 | D:1      | Reached XP level 2. HP: 9/15 MP: 8/8
   157 | D:1      | Learned a level 2 spell: Ensorcelled Hibernation
   705 | D:3      | Reached XP level 3. HP: 19/19 MP: 1/10
   776 | D:4      | Learned a level 3 spell: Confuse
   780 | D:4      | Learned a level 3 spell: Tukima's Dance
   803 | D:4      | Noticed appiemonkey's ghost (amateur GrFi)
  1162 | D:4      | Noticed Sigmund
  1335 | D:4      | Noticed an ogre
  1406 | D:4      | Killed Sigmund
  1406 | D:4      | Reached skill level 5 in Hexes
  1406 | D:4      | Reached XP level 4. HP: 12/24 MP: 8/12
  1406 | D:4      | Reached XP level 5. HP: 14/28 MP: 8/13
  1989 | D:4      | Killed an ogre
  1997 | D:4      | Learned a level 3 spell: Dazzling Spray
  2140 | D:4      | Reached skill level 6 in Hexes
  2140 | D:4      | Reached XP level 6. HP: 22/32 MP: 5/14
  2205 | D:4      | Noticed Grinder
  2207 | D:4      | Paralysed by Grinder for 4 turns
  2225 | D:4      | Killed Grinder
  2225 | D:4      | Reached skill level 5 in Stealth
  2225 | D:4      | Reached skill level 5 in Spellcasting
  2683 | D:4      | Slain by appiemonkey's ghost

Skill      XL: |  1  2  3  4  5  6 |
---------------+-------------------+-----
Stealth        | 4 5 |  5.1
Short Blades   | 2 3 |  3.0
Dodging        | 3 4 |  4.2
Spellcasting   | 4 5 |  5.0
Hexes          | 5 6 |  6.7

Action                   |  1- 3 |  4- 6 || total
-------------------------+-------+-------++-------
Melee: Dagger            |    59 |    83 ||   142
 Cast: Ensorcelled Hiber |     7 |     4 ||    11
       Confuse           |     4 |    22 ||    26
       Tukima's Dance    |     1 |     2 ||     3
       Dazzling Spray    |       |     1 ||     1
  Use: Scroll            |       |     3 ||     3
 Stab: Sleeping          |    12 |     4 ||    16
       Confused          |       |    10 ||    10
  Eat: Chunk             |     1 |     3 ||     4
       Royal jelly       |       |     1 ||     1
Armor: Robe              |    17 |       ||    17
Dodge: Dodged            |    51 |    27 ||    78
